 Dungeon Crawl Stone Soup version 0.22-a0-480-g991dd4b (webtiles) character file.

88468 Amnesiac the Fetichist (level 15, -4/91 HPs)
             Began as a Spriggan Artificer on June 16, 2018.
             Was an Initiate of Gozag.
             Killed from afar by a servant of whispers (30 damage)
             ... with a bolt of lightning
             ... in the Desolation of Salt.
             The game lasted 02:01:19 (31231 turns).

Amnesiac the Fetichist (Spriggan Artificer)        Turns: 31231, Time: 02:01:20

Health: -4/91      AC:  6    Str: 12    XL:     15   Next: 46%
Magic:  0/40       EV: 34    Int: 19    God:    Gozag
Gold:   3743       SH:  4    Dex: 18    Spells: 0/22 levels left

rFire    + . .     SeeInvis +   a - +1 dagger (elec)
rCold    + + .     Gourm    .   (shield restricted)
rNeg     . . .     Faith    .   D - +1 robe {rC+ rF+}
rPois    .         Spirit   +   v - +3 hat of Pondering {ponderous, MR+ MP+10 Int+5}
rElec    .         Reflect  +   e - scarf {Spirit}
rCorr    .         Harm     .   (gloves unavailable)
MR       ++++.     Rnd*Rage +   (boots unavailable)
Stlth    +++++.....             z - +4 amulet of reflection
HPRegen  0.25/turn              r - +6 ring of evasion
MPRegen  0.27/turn              O - ring of protection from cold

@: berserk cooldown, very slightly contaminated, slowed
A: very small, unfitting armour, see invisible, berserk 1, deterioration 1,
herbivore, speed 3, magic resistance 1, robust 1, slow metabolism 2
a: Potion Petition, Call Merchant, Bribe Branch, Renounce Religion


You were in the Desolation of Salt.
You worshipped Gozag.
Gozag was most pleased with you.
You were hungry.

You visited 5 branches of the dungeon, and saw 20 of its levels.
You also visited: Sewer and Desolation.

You collected 7066 gold pieces.
You spent 636 gold pieces at shops.
You paid 2687 gold pieces to Gozag.

Inventory:

Hand Weapons
 a - a +1 dagger of electrocution (weapon)
 b - a +0 blowgun
 o - a +0 demon blade of electrocution
 w - the +6 falchion of Ynepn {slice, rC+++ Dex+3}
   (You found it in the Desolation of Salt)

   It inflicts extra damage upon your enemies.
   It affects your dexterity (+3).
   It renders you almost immune to cold.
 y - a +0 scimitar of flaming
Missiles
 h - 110 poisoned needles
 n - 9 curare-tipped needles
Armour
 d - a +2 cloak of poison resistance
 e - a scarf of spirit shield (worn)
 v - the +3 hat of Pondering (worn) {ponderous, MR+ MP+10 Int+5}
   (You found it on level 7 of the Dungeon)

   It affects your intelligence (+5).
   It affects your resistance to hostile enchantments.
   It affects your magic capacity (+10).
 D - a +1 robe of resistance (worn)
 F - a +2 buckler of poison resistance
Jewellery
 c - an uncursed ring of protection from fire
 r - a +6 ring of evasion (left hand)
 u - an uncursed ring of resist corrosion
 z - a +4 amulet of reflection (around neck)
 C - an uncursed ring of poison resistance
 J - an uncursed amulet of harm
 M - the ring of Disaster {rPois Slay+2 SInv}
   (You found it in the Desolation of Salt)

   [ring of see invisible]

   It affects your accuracy and damage with ranged weapons and melee attacks
   (+2).
   It protects you from poison.
   It lets you see invisible.
 N - the ring of Eternity {rC+ Int+3}
   (You found it in the Desolation of Salt)

   [ring of protection from cold]

   It affects your intelligence (+3).
   It protects you from cold.
 O - a ring of protection from cold (right hand)
Scrolls
 k - a scroll of blinking {!r}
 l - 2 scrolls of magic mapping {!r}
 m - 5 scrolls of remove curse {!r}
 s - a scroll of teleportation {!r}
 A - a scroll of torment {!r}
 B - 2 scrolls of summoning {!r}
 G - 2 scrolls of vulnerability {!r}
 H - 2 scrolls of identify {!r}
 I - 3 scrolls of fog {!r}
Potions
 g - 5 potions of cancellation {!q}
 q - a potion of flight {!q}
 t - 3 potions of lignification {!q}
Comestibles
 f - 8 rations


   Skills:
 - Level 11.2 Fighting
 - Level 10.0 Short Blades
 - Level 11.7 Dodging
 - Level 10.0 Stealth
 - Level 7.2 Shields
 + Level 4.4 Spellcasting
 * Level 4.8 Necromancy
 * Level 4.8 Earth Magic
   Level 20.0 Evocations


You couldn't memorise any spells.
You knew the following spells:

 Your Spells              Type           Power        Failure   Level  Hunger
a - Ensorcelled Hibernat  Hex/Ice        #.....       21%         2    #......
b - Ozocubu's Armour      Chrm/Ice       #.......     36%         3    ###....
c - Sublimation of Blood  Necr           ###.......   2%          2    #......
d - Dispel Undead         Necr           ###.....     45%         5    ######.
e - Borgnjor's Vile Clut  Necr/Erth      ###.......   45%         5    ######.
f - Agony                 Necr           ###.....     45%         5    ######.

Your spell library contained the following spells:

 Spells                   Type           Power        Failure   Level  Hunger
 Throw Frost              Conj/Ice       #.....       21%         2    #......
 Bolt of Draining         Conj/Necr      ##........   80%         5    ######.
 Animate Dead             Necr           N/A          19%         4    ####...
 Freeze                   Ice            #...         13%         1    None
 Summon Ice Beast         Ice/Summ       #.......     78%         4    ####...
 Corpse Rot               Necr           N/A          2%          2    #......
 Statue Form              Tmut/Erth      ##.......    100%        6    #######
 Dragon Form              Tmut           #.........   100%        7    #######
 Throw Icicle             Conj/Ice       #.......     78%         4    ####...
 Shadow Creatures         Summ           N/A          100%        6    #######
 Silence                  Hex/Air        #.........   98%         5    ######.
 Excruciating Wounds      Chrm/Necr      ##........   80%         5    ######.
 Darkness                 Hex            #.........   100%        6    #######
 Inner Flame              Hex/Fire       #.......     36%         3    ###....
 Hydra Form               Tmut           #.........   100%        6    #######
 Irradiate                Conj/Tmut      #.........   98%         5    ######.


Dungeon Overview and Level Annotations

Branches:
Dungeon (15/15)            Temple (1/1) D:6            Lair (0/6) D:8
    Orc (2/2) D:11            Elf (1/3) Orc:2        Vaults (0/5) D:14
 Depths (1/5) D:15

Altars:
Ashenzari
Cheibriados
Dithmenos
Elyvilon
Fedhas
Gozag
Hepliaklqana
Kikubaaqudgha
Makhleb
Nemelex Xobeh
Okawaru
Qazlal
Ru
Sif Muna
Trog
Uskayaw
Vehumet
Wu Jian
Xom
Yredelemnul
Zin
The Shining One
Beogh

Shops:
D:9 ?*?   Orc:1 [   Orc:2 %([!

Portals:
Ziggurat: Depths:1

Annotations:
Depths:1 19 runed doors


Innate Abilities, Weirdness & Mutations

You are very small and have problems with some larger weapons.
You are too small for most types of armour.
You have supernaturally acute eyesight. (SInv)
You are a herbivore.
You cover ground extremely quickly.
You need to consume almost no food.
You tend to lose your temper in combat.
Your body sometimes deteriorates upon taking damage.
You are resistant to hostile enchantments. (MR+)
You are robust. (+10% HP)


Message History

The ironbrand convoker completely misses you.
The servant of whispers invokes the aid of its god against you.
The bolt of lightning misses you.
The servant of whispers hits you from afar with a spear.
You hit the servant of whispers.
The servant of whispers is moderately wounded.
The zombie hands constrict the servant of whispers!
The zombie hands constrict the imperial myrmidon, but do no damage.
The servant of whispers completely misses you.
The imperial myrmidon misses you. The ironbrand convoker misses you.
You hit the servant of whispers.
The servant of whispers is heavily wounded.
The zombie hands constrict the servant of whispers!
The zombie hands constrict the imperial myrmidon!
The zombie hands release their grip on the servant of whispers.
The zombie hands release their grip on the imperial myrmidon.
The ironbrand convoker misses you.
The servant of whispers hits you but does no damage.
The servant of whispers completely misses you.
The servant of whispers closely misses you.
The imperial myrmidon completely misses you.
The ironbrand convoker casts a spell at the servant of whispers.
The servant of whispers seems to grow stronger.
Okay, then.
Okay, then.
The servant of whispers is distracted by the nearby gold.
You see here 7 gold pieces.
The ironbrand convoker is distracted by the nearby gold.
The ironbrand convoker is no longer distracted by gold.
The ironbrand convoker is distracted by the nearby gold.
You block the imperial myrmidon's attack.
The servant of whispers is no longer distracted by gold.
The air resumes its normal movements.
The servant of whispers invokes the aid of its god against you.
The bolt of lightning misses you.
The ironbrand convoker casts a spell at the ironbrand convoker.
The ironbrand convoker seems to grow stronger.
The servant of whispers is distracted by the nearby gold.
The ironbrand convoker is no longer distracted by gold.
The ironbrand convoker points at the servant of whispers and mumbles some strange words.
The servant of whispers seems to grow stronger.
The servant of whispers utters an invocation to its god.
The air becomes perfectly still.
The imperial myrmidon misses you.
The servant of whispers is no longer distracted by gold.
The ironbrand convoker gestures at the servant of whispers while chanting.
The servant of whispers seems to grow stronger.
The ironbrand convoker points at something and mumbles some strange words.
The servant of whispers invokes the aid of its god against you.
The bolt of lightning hits you!
The servant of whispers invokes the aid of its god against you.
The bolt of lightning hits you!
The imperial myrmidon completely misses you.
The imperial myrmidon closely misses you.
The air resumes its normal movements.
The imperial myrmidon gestures at you while chanting.
You resist with almost no effort.
The servant of whispers mumbles some strange prayers to its god against you.
The bolt of lightning hits you!
* * * LOW HITPOINT WARNING * * *
The servant of whispers invokes the aid of its god against you.
The bolt of lightning hits you!
You die...
Your body crumbles into a pile of gold.

....,.......#####..#.###.........
..8..,,,,....§§..................
.....,,,,..§§§...........##......
....p,,...8§§§§§.................
..8..,....§§§§§.........8.....,..
.....,.8...§§§...........8.......
.......§§.§§§...................,
.......§§§§§§................#.,,
................@............#,,,
.........#....p..#............,,,
..............................,,,
.......§......................,,,
.......§............∩.∩.......,,,
.......§...p....................,
.......§.........................
.......§.pp.#....................
.......§§....#...................


You could see 3 servants of whispers and an imperial myrmidon.

Vanquished Creatures
  A fire giant (shapeshifter) (D:15)
  2 imperial myrmidons (Desolation)
  An orc warlord (Orc:2)
  2 stone giants (Depths:1)
  A caustic shrike skeleton (Depths:1)
  A dire elephant (D:15)
  2 halazid warlocks (Desolation)
  4 ragged hierophants (Desolation)
  2 ogre magi (D:15)
  A great orb of eyes (Depths:1)
  The ghost of Noname the Spear-Bearer, a journeyman GnBe of Trog (D:10)
  4 hydras
  A peacekeeper (Desolation)
  4 servants of whispers (Desolation)
  A catoblepas (D:14)
  3 centaur warriors
  15 two-headed ogres
  3 skeletal warriors (D:14)
  3 unseen horrors
  Pikel (D:7)
  3 orc knights
  2 ironbrand convokers (Desolation)
  A cyclops (D:12)
  10 ugly things
  A wolf spider (D:15)
  8 orc sorcerers (Orc:2)
  A salamander (D:15)
  A manticore (D:15)
  4 deep elf magi
  Maurice (Orc:2)
  2 guardian serpents (Desolation)
  3 centaur zombies
  A molten gargoyle (Desolation)
  A gargoyle (D:15)
  11 centaur skeletons
  A komodo dragon (D:12)
  2 yaktaurs (D:15)
  A kobold demonologist (D:10)
  A hellwing (D:8)
  An efreet (D:14)
  A queen bee (shapeshifter) (D:14)
  9 trolls
  2 hornets
  4 slime creatures (D:14)
  A harpy skeleton (D:13)
  34 saltlings (Desolation)
  2 dream sheep (D:8)
  5 hippogriffs
  Sigmund (D:2)
  2 water elementals (D:13)
  2 wraiths
  3 wyverns
  12 yaks
  A vampire (D:14)
  Menkaure (D:7)
  The ghost of Judge the Conjurer, an amateur HuCj of Qazlal (D:3)
  Edmund (D:6)
  A soldier ant (D:14)
  24 wargs
  The ghost of Thaneod the Caller, an amateur GrSu (D:4)
  2 acid dragons
  Duvessa (D:6)
  22 orc warriors
  2 ice beasts
  3 iguanas
  2 sky beasts
  2 slaves (D:7)
  A swamp drake (shapeshifter) (D:15)
  2 eyes of draining (D:14)
  A phantom (D:13)
  10 ogres
  15 centaurs
  17 big kobolds
  A wyvern zombie (D:14)
  9 bullfrogs
  Dowan (D:6)
  2 scorpions
  18 killer bees
  5 wights (D:11)
  5 howler monkeys
  6 electric eels (D:13)
  4 bullfrog zombies
  3 crimson imps
  A jelly (D:8)
  2 bullfrog skeletons
  8 hounds
  19 orc priests
  59 orc wizards
  Terence (D:2)
  Ijyb (D:4)
  10 worker ants
  A hound zombie (D:11)
  2 hound skeletons
  Robin (D:4)
  A worker ant zombie (D:10)
  13 adders
  15 gnolls
  3 river rats (Sewer)
  3 shadow imps
  4 oozes (Sewer)
  10 worms
  3 dart slugs (D:1)
  A leopard gecko (D:6)
  144 orcs
  5 giant cockroaches
  10 goblins
  14 hobgoblins
  14 jackals
  6 quokkas
  3 ball pythons
  A ball python skeleton (D:5)
  6 bats
  5 frilled lizards
  A giant cockroach zombie (D:5)
  37 kobolds
  A quokka zombie (D:5)
  10 rats
766 creatures vanquished.

Vanquished Creatures (collateral kills)
  A ragged hierophant (Desolation)
  A peacekeeper (Desolation)
  A tengu warrior (D:13)
  A necromancer (Depths:1)
  A hellwing (D:8)
  2 hungry ghosts (D:14)
  A phantom (D:8)
  A centaur (D:14)
  A bullfrog (D:6)
  An orc priest (D:6)
  A scorpion (D:8)
  4 orc wizards
  A killer bee zombie (D:8)
  2 shadow imps (D:8)
  An orc (D:12)
  3 giant cockroaches (D:6)
  2 jackals (D:6)
  A kobold (D:12)
26 creatures vanquished.

Vanquished Creatures (others)
  Snorg (D:14)
  A centaur warrior (D:14)
  A wolf spider zombie (D:8)
  A centaur zombie (D:14)
  A saltling (Desolation)
  An ice beast (D:7)
  A slave (D:7)
  2 orc priests
  An adder (D:6)
  An orc (Orc:2)
  2 kobolds (D:7)
13 creatures vanquished.

Grand Total: 805 creatures vanquished

Notes
Turn   | Place    | Note
-------+----------+-------------------------------------------
     0 | D:1      | Amnesiac the Spriggan Artificer began the quest for the Orb.
     0 | D:1      | Reached XP level 1. HP: 9/9 MP: 4/4
   126 | D:2      | Reached skill level 1 in Fighting
   671 | D:3      | Reached XP level 2. HP: 3/14 MP: 6/6
   899 | D:4      | Noticed Thaneod's ghost (amateur GrSu)
   976 | D:4      | Killed Thaneod's ghost
   976 | D:4      | Reached skill level 6 in Evocations
   976 | D:4      | Reached XP level 3. HP: 17/18 MP: 6/8
   976 | D:4      | Reached XP level 4. HP: 22/23 MP: 6/9
  1065 | D:4      | Noticed Ijyb
  1077 | D:4      | Killed Ijyb
  1077 | D:4      | Reached XP level 5. HP: 23/26 MP: 10/10
  1121 | D:5      | Entered Level 5 of the Dungeon
  1226 | D:5      | Noticed a centaur
  1242 | D:5      | Killed a centaur
  1242 | D:5      | Reached skill level 7 in Evocations
  1274 | D:5      | Reached XP level 6. HP: 25/32 MP: 12/12
  1504 | D:5      | Reached skill level 8 in Evocations
  1763 | D:4      | Noticed Robin
  1936 | D:5      | Reached XP level 7. HP: 36/36 MP: 14/14
  2104 | D:6      | Reached skill level 9 in Evocations
  2163 | D:6      | Found a glowing drain.
  2165 | D:6      | Noticed Edmund
  2219 | D:6      | Killed Edmund
  2451 | Sewer    | Entered a sewer
  2484 | Sewer    | Reached skill level 10 in Evocations
  2516 | Sewer    | Reached XP level 8. HP: 36/42 MP: 16/16
  2953 | Sewer    | Reached skill level 11 in Evocations
  3301 | D:6      | Found a staircase to the Ecumenical Temple.
  3308 | Temple   | Entered the Ecumenical Temple
  3679 | D:3      | Noticed Judge's ghost (amateur HuCj)
  3859 | D:2      | Noticed Sigmund
  3860 | D:2      | Noticed Terence
  4508 | D:7      | Found an opulent altar of Gozag.
  4511 | D:7      | Became a worshipper of Gozag Ym Sagoz the Greedy
  4642 | D:4      | Reached skill level 5 in Fighting
  4655 | D:4      | Killed Robin
  4975 | D:2      | Killed Terence
  4998 | D:2      | Killed Sigmund
  4998 | D:2      | Reached skill level 12 in Evocations
  6720 | D:3      | Killed Judge's ghost
  7169 | D:4      | Reached XP level 9. HP: 47/47 MP: 19/19
  8124 | D:6      | Noticed Duvessa
  8128 | D:6      | Noticed Dowan
  8133 | D:6      | Killed Duvessa
  8134 | D:6      | Killed Dowan
  8134 | D:6      | Reached skill level 13 in Evocations
  8316 | D:6      | Found a staircase to the Ecumenical Temple.
  8535 | D:7      | Got a clouded copper ring
  8537 | D:7      | Identified the ring "Xeahuor" {*Slow rPois MP+9 Str+5 Int+3} (You found it on level 7 of the Dungeon)
  8842 | D:7      | Noticed Menkaure
  8850 | D:7      | Killed Menkaure
  8903 | D:7      | Noticed Pikel
  8934 | D:7      | Killed Pikel
  9111 | D:7      | Found the +3 hat of Pondering {ponderous, MR+ MP+10 Int+5}
  9238 | D:7      | Reached skill level 14 in Evocations
  9285 | D:7      | Reached skill level 5 in Dodging
  9934 | D:8      | Noticed a hellwing
  9936 | D:8      | Noticed a hellwing
 10228 | D:8      | Reached skill level 15 in Evocations
 10228 | D:8      | Reached XP level 10. HP: 21/53 MP: 22/22
 10815 | D:8      | Reached skill level 5 in Short Blades
 11031 | D:8      | Found a staircase to the Lair.
 11276 | D:8      | Noticed a three-headed hydra
 11285 | D:8      | Killed a one-headed hydra
 11858 | D:9      | Found Puutz's Assorted Antiques.
 11861 | D:9      | Bought a scroll labeled HOOFET ROLAH for 21 gold pieces
 11861 | D:9      | Bought 2 clear potions for 37 gold pieces
 11861 | D:9      | Bought a green potion for 18 gold pieces
 12024 | D:9      | Reached XP level 11. HP: 56/56 MP: 23/23
 12036 | D:9      | Reached skill level 10 in Dodging
 12083 | D:9      | Noticed a two-headed ogre
 12599 | D:9      | Noticed a two-headed ogre
 12631 | D:9      | Killed a two-headed ogre
 12631 | D:9      | Reached skill level 10 in Short Blades
 12799 | D:9      | Killed a two-headed ogre
 13037 | D:9      | Found Totwessi's Magic Scroll Boutique.
 13055 | D:9      | Bought a scroll of random uselessness for 10 gold pieces
 13056 | D:9      | Bought a scroll of summoning for 95 gold pieces
 13056 | D:9      | Bought a scroll of blinking for 75 gold pieces
 13056 | D:9      | Bought a scroll of teleportation for 30 gold pieces
 13056 | D:9      | Bought a scroll of blinking for 75 gold pieces
 13056 | D:9      | Bought a scroll of magic mapping for 35 gold pieces
 13056 | D:9      | Bought 3 scrolls of identify for 60 gold pieces
 13056 | D:9      | Bought a scroll of identify for 20 gold pieces
 13325 | D:9      | Noticed an orc knight
 13343 | D:9      | Killed an orc knight
 13570 | D:9      | Found Ewniuni's Magic Scroll Boutique.
 13578 | D:9      | Bought a scroll of fog for 34 gold pieces
 13584 | D:9      | Noticed an orc knight
 13592 | D:9      | Killed an orc knight
 13806 | D:9      | Learned a level 2 spell: Ensorcelled Hibernation
 13925 | D:10     | Entered Level 10 of the Dungeon
 13948 | D:10     | Noticed Noname's ghost (journeyman GnBe)
 14283 | D:10     | Killed Noname's ghost
 14924 | D:10     | You fall through a shaft!
 15038 | D:11     | Found a staircase to the Orcish Mines.
 15044 | D:11     | HP: 3/62 [orc wizard/magic dart (8)]
 15053 | D:11     | Noticed a green ugly thing
 15163 | D:11     | Killed a green ugly thing
 15163 | D:11     | Reached XP level 12. HP: 15/67 MP: 24/24
 15366 | D:11     | Noticed a two-headed ogre
 15404 | D:11     | Killed a two-headed ogre
 16092 | D:11     | Found a roughly hewn altar of Beogh.
 16262 | D:11     | Reached skill level 10 in Fighting
 16281 | D:11     | Noticed a four-headed hydra
 16452 | D:11     | Killed a four-headed hydra
 16721 | D:12     | Reached skill level 5 in Stealth
 16952 | D:12     | Noticed a seven-headed hydra
 16970 | D:12     | Killed a seven-headed hydra
 17467 | D:12     | Reached skill level 10 in Stealth
 18442 | D:13     | Noticed an eight-headed hydra
 18454 | D:13     | Noticed a tengu warrior
 18474 | D:13     | Killed a tengu warrior
 18592 | D:13     | Noticed a centaur warrior
 18621 | D:13     | Killed a centaur warrior
 18621 | D:13     | Reached skill level 16 in Evocations
 19072 | D:13     | Noticed a two-headed ogre
 19120 | D:13     | Killed a two-headed ogre
 19519 | D:14     | Reached skill level 17 in Evocations
 19611 | D:14     | Reached XP level 13. HP: 72/72 MP: 26/26
 19878 | D:14     | Found a gate to the Vaults.
 20133 | D:14     | HP: 3/72 [catoblepas/blast of calcifying dust (4)]
 20173 | D:14     | Noticed Snorg
 20214 | D:14     | Your ally died
 20340 | D:14     | Reached skill level 18 in Evocations
 21391 | D:14     | Reached skill level 19 in Evocations
 22023 | D:15     | Entered Level 15 of the Dungeon
 22311 | D:15     | Found a staircase to the Depths.
 22311 | D:15     | Noticed a dire elephant
 22315 | D:15     | Reached skill level 20 in Evocations
 22322 | D:15     | Killed a dire elephant
 22361 | D:15     | Found a sparkling altar of Nemelex Xobeh.
 22616 | D:15     | Reached XP level 14. HP: 77/77 MP: 29/29
 22869 | D:15     | Reached skill level 5 in Shields
 23274 | D:15     | Noticed a sphinx
 23284 | D:15     | Noticed a fire giant
 23284 | D:15     | a sphinx changed into a fire giant
 23303 | D:15     | Killed a fire giant
 23564 | D:15     | Learned a level 3 spell: Ozocubu's Armour
 24011 | Depths:1 | Entered Level 1 of the Depths
 24011 | Depths:1 | Noticed a stone giant
 24218 | Depths:1 | Noticed a stone giant
 24236 | Depths:1 | Killed a stone giant
 24245 | Depths:1 | Killed a stone giant
 24255 | Depths:1 | Noticed a fire giant
 24263 | Depths:1 | Found a huge runed gate.
 24263 | Depths:1 | Found a huge runed gate.
 24263 | Depths:1 | Found a huge runed gate.
 24263 | Depths:1 | Found a huge runed gate.
 24263 | Depths:1 | Found a huge runed gate.
 24263 | Depths:1 | Found a huge runed gate.
 24263 | Depths:1 | Found a huge runed gate.
 24263 | Depths:1 | Found a huge runed gate.
 24263 | Depths:1 | Found a huge runed gate.
 24265 | Depths:1 | Found a huge runed gate.
 24270 | Depths:1 | Found a huge runed gate.
 24270 | Depths:1 | Found a gateway to a ziggurat.
 24270 | Depths:1 | Found a huge runed gate.
 24270 | Depths:1 | Found a huge runed gate.
 24270 | Depths:1 | Found a huge runed gate.
 24270 | Depths:1 | Found a huge runed gate.
 24270 | Depths:1 | Found a huge runed gate.
 24270 | Depths:1 | Found a huge runed gate.
 24271 | Depths:1 | Found a huge runed gate.
 24271 | Depths:1 | Noticed a stone giant
 24272 | Depths:1 | Found a huge runed gate.
 24648 | Depths:1 | Noticed a stone giant
 25039 | Orc:1    | Entered Level 1 of the Orcish Mines
 25039 | Orc:1    | Found Xoezuyfe's Armour Boutique.
 25052 | Orc:1    | Found a roughly hewn altar of Beogh.
 25097 | Orc:2    | Entered Level 2 of the Orcish Mines
 25365 | Orc:2    | Found a staircase to the Elven Halls.
 25907 | Orc:2    | Found a roughly hewn altar of Beogh.
 25935 | Orc:2    | Noticed Maurice
 25985 | Orc:2    | Killed Maurice
 26072 | Orc:2    | Noticed an orc warlord
 26157 | Orc:2    | Killed an orc warlord
 26452 | Orc:2    | Found Nacaud's Food Shoppe.
 26512 | Orc:2    | Found Feathrokh's Antique Weapon Boutique.
 26653 | Orc:2    | Found Uboeff's Armour Shoppe.
 26707 | Orc:2    | Found Lethrykko's Distillery.
 27676 | Orc:1    | Bought a scarf of spirit shield for 126 gold pieces
 28071 | Elf:1    | Entered Level 1 of the Elven Halls
 28088 | Elf:1    | Found a ruined gateway.
 28098 | Desolati | Entered the Desolation of Salt
 28121 | Desolati | Noticed an imperial myrmidon
 28124 | Desolati | Identified the Catalogue of Fetching Evil Rituals
 28125 | Desolati | Found the +7 longbow "Piercer" {penet, EV-2}
 28129 | Desolati | Got an encrusted broad axe
 28172 | Desolati | Noticed an imperial myrmidon
 28176 | Desolati | Got a faintly glowing lapis lazuli ring
 28180 | Desolati | Identified the ring of Disaster {rPois Slay+2 SInv} (You found it in the Desolation of Salt)
 28186 | Desolati | Got a smoking iron ring
 28188 | Desolati | Identified the ring of Eternity {rC+ Int+3} (You found it in the Desolation of Salt)
 28254 | Desolati | Noticed an imperial myrmidon
 28257 | Desolati | Found the +11 plutonium sword {*Contam Stlth-}
 28322 | Desolati | Learned a level 5 spell: Borgnjor's Vile Clutch
 28514 | Desolati | Reached skill level 1 in Necromancy
 28514 | Desolati | Reached skill level 1 in Earth Magic
 28531 | Desolati | Reached skill level 1 in Spellcasting
 28531 | Desolati | Reached XP level 15. HP: 41/83 MP: 7/30
 28753 | Desolati | Learned a level 5 spell: Dispel Undead
 28931 | Desolati | Killed an imperial myrmidon
 29050 | Desolati | Learned a level 2 spell: Sublimation of Blood
 29266 | Desolati | Got an iridescent falchion
 29294 | Desolati | Killed an imperial myrmidon
 29991 | Desolati | Gained mutation: Your body sometimes deteriorates upon taking damage. [potion of mutation]
 29991 | Desolati | Gained mutation: You are resistant to hostile enchantments. (MR+) [potion of mutation]
 29991 | Desolati | Gained mutation: You are robust. (+10% HP) [potion of mutation]
 30755 | Desolati | Gained mutation: You tend to lose your temper in combat. [mutagenic glow]
 30767 | Desolati | Identified the +6 falchion of Ynepn {slice, rC+++ Dex+3} (You found it in the Desolation of Salt)
 30778 | Desolati | Identified the +5 broad axe of Qexaseav {speed, rF- MR++ Str-3 Int+9} (You found it in the Desolation of Salt)
 31042 | Desolati | Learned a level 5 spell: Agony
 31231 | Desolati | Killed from afar by a servant of whispers

Vault maps used:
D:1:      dpeg_arrival_water_temple_mockup, serial_co_window_serial,
          co_window_paths_a, co_window_paths_b, co_window_paths_b,
          co_window_corner_a, co_window_corner_a, co_window_corner_cb,
          co_window_broadway_a, co_window_paths_c, co_window_broadway_a,
          glass_columns_a
D:2:      st_stairs_3, uniq_sigmund, uniq_terence
D:4:      first_ration, uniq_robin, uniq_ijyb
D:6:      minmay_temple_entry_mist, gup_sewer_entry_glass, uniq_edmund,
          uniq_duvessa
D:7:      kennysheep_mini_moat, uniq_pikel, uniq_menkaure
D:8:      cheibrodos_grave_circle, lair_entry_dummy, hangedman_ranch
D:9:      lemuel_castle_with_subvaults, serial_shops, shop_coins, shop,
          nicolae_shop_trees
D:11:     minmay_orc_entry_temple_small
D:13:     grunt_ministairs_9, minmay_misc_feat_tower, minivault_25,
          kennysheep_boxes
D:14:     david_vaults_1, minivault_25, uniq_snorg
D:15:     hangedman_depths_entry_try_elsewhere_first, hex_medium,
          nemelex_xobeh_ov_fountains_minmay
Temple:   compressed_dpeg_circular_temple
Orc:1:    serial_shops, shop, basic_altar
Orc:2:    st_orc_town, uniq_maurice
Elf:1:    minmay_elf_arrival_circle, basic_altar, serial_shops,
          nicolae_shop_statue_plus, special_room,
          portal_desolation_entry_garden, minmay_elf_annihilation, uniq_donald
Depths:1: enter_ziggurat_b, hangedman_coc_ice_floe, serial_shops,
          bzr_entry_dummy, minmay_misc_feat_columns, door_vault, uniq_mara,
          uniq_saint_roka
Sewer:    sewer_co_tree

Skill      XL: |  1  2  3  4  5  6  7  8  9 10 11 12 13 14 15 |
---------------+----------------------------------------------+-----
Fighting       | 1 2 3 4 5 6 9 10 11 | 11.2
Short Blades   | 2 8 10 | 10.0
Stealth        | 2 10 | 10.0
Evocations     | 6 7 8 10 12 15 17 20 | 20.0
Dodging        | 6 9 10 11 | 11.7
Shields        | 3 7 |  7.2
Necromancy     | 1 4 |  4.8
Earth Magic    | 1 4 |  4.8
Spellcasting   | 1 4 |  4.4

Action                   |  1- 3 |  4- 6 |  7- 9 | 10-12 | 13-15 || total
-------------------------+-------+-------+-------+-------+-------++-------
Melee: Dagger            |    48 |    84 |   651 |  1246 |  1759 ||  3788
       Long sword        |     1 |       |       |       |       ||     1
       Short sword       |       |       |    41 |       |       ||    41
       Hand axe          |       |       |       |    17 |       ||    17
       Falchion          |       |       |       |       |     2 ||     2
 Fire: Blowgun           |       |       |       |    14 |    15 ||    29
 Cast: Borgnjor's Vile C |       |       |       |       |    15 ||    15
       Ozocubu's Armour  |       |       |       |       |     6 ||     6
       Ensorcelled Hiber |       |       |       |       |     5 ||     5
Invok: Potion Petition   |       |       |       |       |     7 ||     7
Evoke: Wand              |     3 |    20 |    24 |    79 |    19 ||   145
       Sack of spiders   |       |       |       |       |     2 ||     2
  Use: Scroll            |       |     3 |    13 |     3 |    22 ||    41
       Potion            |       |       |     3 |     3 |    20 ||    26
 Stab: Sleeping          |     2 |     1 |     5 |     6 |    32 ||    46
       Paralysed         |     3 |     4 |       |       |       ||     7
       Distracted        |       |       |     4 |    10 |    11 ||    25
       Invisible         |       |       |       |       |     5 ||     5
  Eat: Ration            |       |       |     4 |     6 |    13 ||    23
Armor: Robe              |    10 |     5 |    39 |    33 |    73 ||   160
Dodge: Dodged            |    71 |    89 |   695 |   852 |   855 ||  2562
Block: Other             |       |       |    88 |    78 |    10 ||   176
       Reflection        |       |       |     2 |     2 |    15 ||    19
       Buckler           |       |       |       |       |   589 ||   589
       Rpst.: Falchion   |       |       |       |       |     1 ||     1

Table legend:
 A = Spawn XP
 B = Non-spawn XP
 C = Spawn XP percentage of total XP
 D = Spawn monster count
 E = Non-spawn monster count
 F = Spawn count percentage of total count
 G = Total turns spent on level
                    A         B        C        D         E        F      G
               +---------+---------+-------+---------+---------+-------+---------
         Total |       0 |  126384 |   0.0 |       0 |     792 |   0.0 | 31231
               +---------+---------+-------+---------+---------+-------+---------
           D:1 |       0 |      32 |   0.0 |       0 |      15 |   0.0 |   939
           D:2 |       0 |     293 |   0.0 |       0 |      20 |   0.0 |  1449
           D:3 |       0 |     269 |   0.0 |       0 |      29 |   0.0 |  1268
           D:4 |       0 |     462 |   0.0 |       0 |      27 |   0.0 |  1355
           D:5 |       0 |     605 |   0.0 |       0 |      27 |   0.0 |  1306
           D:6 |       0 |     879 |   0.0 |       0 |      24 |   0.0 |  1321
           D:7 |       0 |    1414 |   0.0 |       0 |      26 |   0.0 |  1797
           D:8 |       0 |    5705 |   0.0 |       0 |      50 |   0.0 |  1669
           D:9 |       0 |    7179 |   0.0 |       0 |      83 |   0.0 |  2152
          D:10 |       0 |    3617 |   0.0 |       0 |      40 |   0.0 |   994
          D:11 |       0 |    4948 |   0.0 |       0 |      37 |   0.0 |  2228
          D:12 |       0 |    5611 |   0.0 |       0 |      42 |   0.0 |  1533
          D:13 |       0 |    5000 |   0.0 |       0 |      41 |   0.0 |  1579
          D:14 |       0 |   17839 |   0.0 |       0 |      51 |   0.0 |  2532
          D:15 |       0 |   23957 |   0.0 |       0 |      45 |   0.0 |  2327
         Orc:1 |       0 |    2852 |   0.0 |       0 |      41 |   0.0 |   723
         Orc:2 |       0 |   11633 |   0.0 |       0 |     107 |   0.0 |  1952
      Depths:1 |       0 |    5102 |   0.0 |       0 |       5 |   0.0 |   193
         Sewer |       0 |     728 |   0.0 |       0 |      28 |   0.0 |   718
    Desolation |       0 |   28259 |   0.0 |       0 |      54 |   0.0 |  3133
               +---------+---------+-------+---------+---------+-------+---------
